AoeStats
← Axel Sage

Enclosed

503986759Analyzed
1v1 RM · 28d ago on Sep 3, 2026· 79m 47s· 2 players
Game mode
Random Map
Map size
Tiny (2 player)
Population
200
Speed
Normal
Resources
Standard
Victory
Conquest
Starting age
Dark Age
Ending age
Imperial Age
RankedLock teamsTeams togetherTeam positionsShared explorationLock speedFull tech treeHidden civsTurbo modeCheats
Victory
Defeat
🇹🇷 Turks · Türkiye
623
+16
🇲🇽 Lithuanians · Mexico
621
-16
OB1
6:07 Loom
9:10 Feudal Age
9:44 Double-Bit Axe
9:55 Gold Mining
13:19 Wheelbarrow
12:35 Horse Collar
22:49 Castle Age
20:44 Fletching
20:44 Man-at-Arms
21:30 Town Watch
21:49 Stone Mining
22:45 Bloodlines
23:42 Heavy Plow
24:26 Stone Shaft Mining
25:22 Scale Mail Armor
26:03 Forging
27:18 Scale Mail Armor
28:28 Scale Barding Armor
31:06 Chain Barding Armor
31:17 Hand Cart
33:29 Husbandry
33:55 Treadmill Crane
34:14 Pikeman
36:08 Iron Casting
39:06 Imperial Age
36:39 Squires
38:20 Ballistics
39:03 Chain Mail Armor
39:04 Bow Saw
38:51 Guard Tower
40:16 Conscription
40:43 Elite Leitis
42:58 Chemistry
42:00 Bodkin Arrow
43:42 Plate Barding Armor
44:12 Tower Shields
44:50 Bracer
44:19 Cavalier
46:42 Keep
46:44 Redemption
48:56 Two-Man Saw
48:45 Paladin
49:46 Halberdier
52:35 Bombard Tower
52:26 Capped Ram
56:49 Onager
57:55 Hill Forts
73:22 Light Cavalry
Axel Sage
12:10 Feudal Age
13:50 Double-Bit Axe
16:58 Castle Age
15:58 Horse Collar
18:22 Bow Saw
22:36 Stone Mining
24:37 Bloodlines
26:07 Scale Barding Armor
25:56 Town Watch
25:59 Loom
27:23 Husbandry
27:58 Gold Mining
35:41 Imperial Age
37:10 Fletching
37:21 Padded Archer Armor
38:38 Wheelbarrow
39:31 Two-Man Saw
41:03 Elite Janissary
45:56 Artillery
46:52 Ballistics
47:21 Bombard Tower
49:55 Town Patrol
50:12 Hand Cart
65:21 Conscription
71:55 Masonry
71:41 Murder Holes
74:25 Chain Barding Armor
74:16 Forging
Connection lost

Rejoining the realm…

Still unreachable

The connection could not be restored.

Session expired

The server has moved on; the page needs a fresh start.